 Dungeon Crawl Stone Soup version 0.28.0 (webtiles) character file.

Game seed: 5525024634045219832

252 buriedalive the Chiller (level 5, -1/28 HPs)
             Began as a Deep Elf Ice Elementalist on Feb 10, 2022.
             Slain by a mummy (10 damage)
             ... in an ossuary.
             The game lasted 00:04:32 (2676 turns).

buriedalive the Chiller (Deep Elf Ice Elementalist) Turns: 2676, Time: 00:04:33

Health: -1/28      AC: 10    Str:  5    XL:     5   Next: 89%
Magic:  3/11       EV: 14    Int: 22    God:
Gold:   71         SH:  0    Dex: 15    Spells: 3/10 levels left

rFire   . . .      SeeInvis .   h - +1 whip
rCold   . . .      Faith    .   (no shield)
rNeg    . . .      Spirit   .   a - +0 robe
rPois   +          Reflect  .   (no helmet)
rElec   .          Harm     .   (no cloak)
rCorr   .          Rampage  .   (no gloves)
Will    .....                   f - +0 pair of boots
Stlth   ++........              (no amulet)
HPRegen 0.09/turn               j - ring of poison resistance
MPRegen 0.12/turn               (no ring)

@: ice-armoured, freezing walls
A: no striking features
a: no special abilities


You were in an ossuary.
You visited 1 branch of the dungeon, and saw 4 of its levels.
You also visited: Ossuary.

You collected 71 gold pieces.

Inventory:

Hand Weapons
 h - a +1 whip (weapon)
Missiles
 b - 119 stones
 g - 3 poisoned darts
Armour
 a - a +0 robe (worn)
 f - a +0 pair of boots (worn)
Jewellery
 j - a ring of poison resistance (left hand)
Potions
 c - 2 potions of haste
 e - a potion of degeneration {unknown}
 i - a potion of lignification {unknown}
 k - a potion of heal wounds {unknown}


   Skills:
 + Level 5.5 Dodging
 - Level 2.4 Stealth
 - Level 3.0 Spellcasting
 + Level 6.4 Ice Magic


You had 3 spell levels left.
You knew the following spells:

 Your Spells              Type           Power      Damage    Failure   Level
a - Freeze                Ice            100%       1d11      1%          1
b - Ozocubu's Armour      Ice            31%        N/A       2%          3
c - Frozen Ramparts       Ice            62%        1d8       2%          3

Your spell library contained the following spells:

 Spells                   Type           Power      Damage    Failure   Level
 Hailstorm                Conj/Ice       17%        3d6       32%         4


Dungeon Overview and Level Annotations

Branches:
Dungeon (3/15)            Ossuary (1/1)

Altars:
Fedhas


Message History

Found a viscous pink potion and a fuming ruby potion.
There is an open door here.
The helpless mummy fails to defend itself.
You hit the mummy.
The mummy is lightly damaged.
You hit the mummy.
The mummy is moderately damaged.
The mummy hits you!
You hit the mummy but do no damage.
The mummy is moderately damaged.
The mummy closely misses you.
You hit the mummy but do no damage.
The mummy is moderately damaged.
The mummy hits you.
* * * LOW HITPOINT WARNING * * *
You feel better.
Casting: Frozen Ramparts (dangerous; 2% risk of failure)
Confirm with . or Enter, or press ? or * to list all spells.
Casting: Frozen Ramparts (dangerous; 2% risk of failure)
Press: ? - help, Dir - look around, f - activate An open door, spattered with blood.
Okay, then.
Casting: Frozen Ramparts (dangerous; 2% risk of failure)
Confirm with . or Enter, or press ? or * to list all spells.
A film of ice covers your body! The mummy hits you.
* * * LOW HITPOINT WARNING * * *
Unknown command.
Casting: Ozocubu's Armour (dangerous; 2% risk of failure)
Confirm with . or Enter, or press ? or * to list all spells.
Casting: Frozen Ramparts (dangerous; 2% risk of failure)
Press: ? - help, Dir - look around, f - activate An open door, spattered with blood.
The walls around you are covered in ice.
You hit the mummy.
The mummy is heavily damaged.
The mummy resists.
The wall freezes the mummy.
The mummy closely misses you.
You barely miss the mummy.
The mummy is severely damaged.
The mummy resists.
The wall freezes the mummy.
The mummy hits you!
You die...

#..............
#..............
#....#'#......#
#...##.##....##
#...#...#....#
#...###.# ...#
#..##!#.##..##
#..#!M#..# Z#
#∩.#@##..# .#
#..#.....#
#..#..####
#∩.#..# #..#..#
#..##.# #...#.#
#...#.. ##∩#


You could see a mummy.

Vanquished Creatures
  A black bear (D:5)
  A human zombie (Ossuary)
  2 orc wizards (D:5)
  4 adders (D:2)
  A dart slug (D:2)
  3 endoplasms
  2 goblins
  5 hobgoblins
  3 jackals (D:2)
  A quokka (D:2)
  5 ball pythons
  4 bats (D:1)
  2 frilled lizards (D:2)
  2 goblin zombies (Ossuary)
  2 hobgoblin zombies (Ossuary)
  A jackal zombie (Ossuary)
  3 kobolds
  2 kobold zombies (Ossuary)
  An orc zombie (Ossuary)
  4 rats
  2 rat zombies (Ossuary)
51 creatures vanquished.

Notes
Turn   | Place    | Note
-------+----------+-------------------------------------------
     0 | D:1      | buriedalive the Deep Elf Ice Elementalist began the quest
                  | for the Orb.
     0 | D:1      | Reached XP level 1. HP: 10/10 MP: 6/6
   425 | D:1      | Reached XP level 2. HP: 15/15 MP: 6/8
  1126 | D:2      | Found a blossoming altar of Fedhas.
  1169 | D:2      | Reached skill level 5 in Ice Magic
  1169 | D:2      | Reached XP level 3. HP: 13/19 MP: 6/9
  1806 | D:2      | Reached XP level 4. HP: 19/24 MP: 7/10
  1833 | D:2      | Learned a level 3 spell: Ozocubu's Armour
  1837 | D:2      | Learned a level 3 spell: Frozen Ramparts
  2100 | D:3      | You fall into a shaft and drop 2 floors!
  2100 | D:5      | Entered Level 5 of the Dungeon
  2101 | D:5      | Noticed a black bear
  2106 | D:5      | Killed a black bear
  2107 | D:5      | Reached XP level 5. HP: 27/28 MP: 1/11
  2228 | D:5      | Reached skill level 5 in Dodging
  2228 | D:5      | Reached skill level 6 in Ice Magic
  2309 | D:5      | Found a sand-covered staircase.
  2319 | Ossuary  | Entered an ossuary
  2676 | Ossuary  | Slain by a mummy

Illustrated notes

Levels and vault maps discovered:
D:1:      dpeg_arrival_tiny_d, layout_loops_ring
D:2:      layout_rooms, basic_altar, minmay_quadrilaterals
D:3:      layout_basic, ebering_ecumenical_altar_abandoned, corner_web_ring,
          minmay_curled_crystal, minmay_misc_feat_doors, minivault_19,
          uniq_sigmund
D:5:      layout_loops_ring, minmay_temple_entry_overgrown,
          portal_sewer_entry_e, nicolae_ossuary_entry_ruins,
          minmay_misc_feat_nine_boxes, minmay_misc_feat_plants
Ossuary:  minmay_ossuary_two_tombs

Skill      XL: |  1  2  3  4  5 |
---------------+----------------+-----
Dodging        | 3 4 5 |  5.5
Ice Magic      | 5 6 |  6.4
Stealth        | |  2.4
Spellcasting   | |  3.0

Action                   |  1- 3 |  4- 6 || total
-------------------------+-------+-------++-------
Melee: Unarmed           |    13 |       ||    13
       Whip              |     9 |    68 ||    77
       Punch             |       |     2 ||     2
 Cast: Freeze            |    42 |    16 ||    58
       Ozocubu's Armour  |       |     5 ||     5
       Frozen Ramparts   |       |     4 ||     4
  Use: Scroll            |     3 |     2 ||     5
       Potion            |       |     1 ||     1
 Stab: Sleeping          |     9 |     1 ||    10
Armor: Robe              |    17 |    33 ||    50
Dodge: Dodged            |    33 |    54 ||    87
